 Dungeon Crawl Stone Soup version 0.23.2-1-ga50397a (webtiles) character file.

Game seed: 15274508890080121634

489 troglodite the Sneak (level 6, -6/32 HPs)
             Began as a Spriggan Assassin on May 23, 2019.
             Was an Initiate of Gozag.
             Mangled by a killer bee (8 damage)
             ... on level 4 of the Dungeon.
             The game lasted 00:19:49 (7273 turns).

troglodite the Sneak (Spriggan Assassin)            Turns: 7273, Time: 00:19:50

Health: -6/32      AC:  7    Str:  7    XL:     6   Next: 90%
Magic:  10/10      EV: 21    Int: 12    God:    Gozag
Gold:   178        SH:  0    Dex: 20    Spells: 9/9 levels left

rFire    . . .     SeeInvis +   s - +2 dagger (protect)
rCold    . . .     Gourm    .   (shield restricted)
rNeg     . . .     Faith    .   c - +0 robe
rPois    +         Spirit   .   (helmet restricted)
rElec    .         Reflect  .   d - +0 cloak
rCorr    .         Harm     .   (gloves unavailable)
MR       +....                  (boots unavailable)
Stlth    ++++......             (no amulet)
HPRegen  0.10/turn              y - ring of poison resistance
MPRegen  0.12/turn              E - +4 ring of protection

@: very quick
A: very small, unfitting armour, see invisible, herbivore, speed 3, slow
metabolism 2
a: Potion Petition, Call Merchant, Bribe Branch, Renounce Religion


You were on level 4 of the Dungeon.
You worshipped Gozag.
Gozag was aware of your devotion.
You were hungry.

You visited 1 branch of the dungeon, and saw 5 of its levels.

You collected 253 gold pieces.
You paid 75 gold pieces to Gozag.

Inventory:

Hand Weapons
 a - a +2 dagger
 b - a +0 blowgun
 q - a +1 hunting sling of flaming
 s - a +2 dagger of protection (weapon)
Missiles
 e - 7 poisoned needles
 f - 2 curare-tipped needles
 l - 109 stones (quivered)
 m - 40 sling bullets
Armour
 c - a +0 robe (worn)
 d - a +0 cloak (worn)
 r - a scarf of spirit shield
Jewellery
 y - a ring of poison resistance (left hand)
 A - a +2 ring of protection
 E - a +4 ring of protection (right hand)
Wands
 v - a wand of paralysis (6)
 C - a wand of random effects (19)
Scrolls
 h - a scroll of identify
 i - 2 scrolls of fog {unknown}
 j - a scroll of enchant weapon {unknown}
 k - 2 scrolls of blinking {unknown}
 t - 4 scrolls of teleportation {unknown}
 u - a scroll of magic mapping {unknown}
 x - 2 scrolls of remove curse
 D - a scroll of amnesia {unknown}
Potions
 n - 2 potions of might
 o - a potion of curing
 p - a potion of haste
 w - a potion of flight {unknown}
 z - a potion of ambrosia {unknown}
 B - a potion of experience {unknown}
 F - a potion of heal wounds
Comestibles
 g - 11 rations


   Skills:
 * Level 2.5 Fighting
 * Level 4.5 Short Blades
 * Level 2.4(3.0) Slings
 + Level 2.1(2.5) Throwing
 * Level 4.9 Dodging
 * Level 7.7 Stealth
 * Level 2.4 Spellcasting


You had 9 spell levels left.
You didn't know any spells.
Your spell library was empty.

Dungeon Overview and Level Annotations

Branches:
Dungeon (5/15)
 Temple: D:4-7

Altars:
Gozag
Makhleb
Xom

Shops:
D:4 [}


Innate Abilities, Weirdness & Mutations

You are very small and have problems with some larger weapons.
You are too small for most types of armour.
You have supernaturally acute eyesight. (SInv)
You are a herbivore.
You cover ground extremely quickly.
You need to consume almost no food.


Message History

The killer bee completely misses you. The killer bee closely misses you.
The killer bee stings you.
The killer bee buzzes angrily. x2
The killer bee barely misses you. The killer bee stings you.
The killer bee closely misses you. The killer bee stings you.
The killer bee misses you.
There is a stone staircase leading up here.
The killer bee stings you!
* * * LOW HITPOINT WARNING * * *
The killer bee completely misses you. x2
You climb upwards.
There is a stone staircase leading down here.
You completely miss the killer bee.
The killer bee completely misses you. x2
You closely miss the killer bee. The killer bee stings you.
* * * LOW HITPOINT WARNING * * *
The killer bee stings you!
You die...
Your body crumbles into a pile of gold.

.##.....##
#..........##.#.#.##
.###...##
######.###.##.....#
## ##'## ####.#
#.##.#.### #.#
#....# #.##.#.####
#.# #.####
#.##....... ##.##
#.# #........##
###...##### #.#
##.#.##..#
##.........# #y#
#.#.##..##
...........# #@#
#.#.......
##.#.......#####y#
#.####..#.
#.#.............#
#.......#.
#.#.......#######
#######...
#.#.......# ###.
#.#.......# ##
#.##....###
#..>..### ####.##


You could see 2 killer bees.

Vanquished Creatures
  A killer bee (D:4)
  A howler monkey (D:4)
  A crimson imp (D:4)
  An orc wizard (D:4)
  2 bullfrog skeletons
  A jelly (D:5)
  An iguana (D:4)
  Jessica (D:2)
  3 worker ants (D:5)
  6 adders
  A worm (D:2)
  A dart slug (D:2)
  4 leopard geckos
  6 orcs
  A ball python (D:4)
  8 bats
  3 giant cockroaches
  11 goblins
  2 hobgoblins
  7 jackals
  A quokka (D:5)
  9 frilled lizards
  2 kobolds (D:1)
  A quokka skeleton (D:4)
  7 rats
82 creatures vanquished.

Notes
Turn   | Place    | Note
-------+----------+-------------------------------------------
     0 | D:1      | troglodite the Spriggan Assassin began the quest for the
                  | Orb.
     0 | D:1      | Reached XP level 1. HP: 10/10 MP: 2/2
   626 | D:1      | Reached XP level 2. HP: 9/15 MP: 3/3
  1032 | D:1      | Reached skill level 6 in Stealth
  1697 | D:2      | Found a shimmering altar of Xom.
  1699 | D:2      | Found a sacrificial altar of Ru.
  1699 | D:2      | Found an ancient bone altar of Kikubaaqudgha.
  1701 | D:2      | Found a shimmering altar of Xom.
  1701 | D:2      | Found a bloodstained altar of Trog.
  1701 | D:2      | Found a stormy altar of Qazlal.
  1708 | D:2      | Reached XP level 3. HP: 10/18 MP: 4/4
  2062 | D:2      | Noticed Jessica
  2459 | D:2      | You fall through a shaft for 2 floors!
  3044 | D:4      | Reached skill level 1 in Slings
  3044 | D:4      | Reached XP level 4. HP: 8/23 MP: 4/6
  3279 | D:4      | Found Kueskin's Gadget Shoppe.
  3365 | D:4      | Reached skill level 1 in Spellcasting
  3403 | D:4      | Found Tuopink's Antique Armour Boutique.
  3904 | D:4      | Reached XP level 5. HP: 8/26 MP: 3/8
  4485 | D:2      | Killed Jessica
  4485 | D:2      | Reached skill level 7 in Stealth
  5941 | D:4      | Found a burning altar of Makhleb.
  6103 | D:4      | Reached XP level 6. HP: 31/31 MP: 10/10
  6205 | D:5      | Entered Level 5 of the Dungeon
  6238 | D:5      | Found an opulent altar of Gozag.
  6244 | D:5      | Became a worshipper of Gozag Ym Sagoz the Greedy
  7273 | D:4      | Mangled by a killer bee

Skill      XL: |  1  2  3  4  5  6 |
---------------+-------------------+-----
Stealth        | 6 7 |  7.7
Dodging        | 2 3 4 |  4.9
Fighting       | 2 |  2.5
Slings         | 1 2 |  2.4
Short Blades   | 3 4 |  4.5
Spellcasting   | 1 2 |  2.4
Throwing       | |  2.1

Action                   |  1- 3 |  4- 6 || total
-------------------------+-------+-------++-------
Melee: Dagger            |   158 |   432 ||   590
 Fire: Blowgun           |       |     4 ||     4
  Use: Potion            |       |     3 ||     3
       Scroll            |       |     5 ||     5
 Stab: Sleeping          |    10 |    14 ||    24
       Distracted        |     1 |     1 ||     2
  Eat: Ration            |       |     2 ||     2
Armor: Robe              |    16 |    65 ||    81
Dodge: Dodged            |   108 |   307 ||   415
